 Dungeon Sprint DCSS version 0.18.1-50-g88ac8fd (webtiles) character file.

472 Kagutsuchi the Fighter (level 6, -2/105 HPs)
             Began as a Draconian Berserker on Oct 22, 2016.
             Was an Elder of Trog.
             Slain by a boulder beetle (41 damage)
             ... in the Dungeon (Sprint II: "The Violet Keep of Menkaure").
             The game lasted 00:04:09 (505 turns).

Kagutsuchi the Fighter (Draconian Berserker)         Turns: 505, Time: 00:04:10

Health: -2/105     AC:  6    Str: 22    XL:     6   Next: 83%
Magic:  6/6        EV: 17    Int:  7    God:    Trog [****..]
Gold:   86         SH:  0    Dex: 13    Spells: 0 memorised, 5 levels left

rFire  . . .     SeeInvis .     a - +0 falchion
rCold  . . .     Gourm    .     (armour unavailable)
rNeg   . . .     Faith    .     (no shield)
rPois  .         Spirit   .     (helmet restricted)
rElec  .         Dismiss  .     (no cloak)
rCorr  .         Reflect  .     (no gloves)
SustAt .         Harm     .     (no boots)
MR     .....     NoTele   +     (no amulet)
Stlth  ..........               (no ring)
                                (no ring)

@: berserking (expiring), very quick, not resistant to hostile enchantments,
extremely unstealthy
A: unfitting armour, big wings, blurry vision 1, deterioration 1, robust 1, weak
1, cold-blooded, AC +6
a: Fly, Berserk, Trog's Hand, Brothers in Arms, Burn Spellbooks, Renounce
Religion


You were in the Dungeon.
You worshipped Trog.
Trog was greatly pleased with you.
You were not hungry.

You visited 1 branch You collected 729 gold pieces.
You spent 643 gold pieces at shops.

Inventory:

Hand Weapons
 a - a +0 falchion (weapon)
Scrolls
 h - a scroll of blinking
Potions
 e - a potion of haste
 f - 2 potions of magic
 g - a potion of berserk rage
 k - 4 potions of curing
 l - 3 potions of heal wounds
Comestibles
 b - 4 fruits
 c - a beef jerky
 d - a slice of pizza
 i - a bread ration
 j - a meat ration


   Skills:
 + Level 9.6 Fighting
 + Level 8.6 Long Blades
 + Level 8.9 Dodging
 + Level 0.2 Stealth


You had 5 spell levels left.
You didn't know any spells.

Dungeon Overview and Level Annotations

Branches:
Dungeon (1/1)

Altars:

Shops:
D =%:?%=[((}!!}[::

Annotations:
D exclusion: oklob plant


Innate Abilities, Weirdness & Mutations

Your plain brown scales are hard (AC +6).
Your body does not fit into most forms of armour.
You are cold-blooded and may be slowed by cold attacks.
Your large and strong wings let you fly indefinitely.
Scrolls take you a little longer to read.
Your body sometimes deteriorates upon taking damage.
You are robust (+10% HP).
You are weak. (Str -2)


Message History

There is an open door here.
You enter the shallow water.
Moving in this stuff is going to be slow.
You feel a strong urge to attack something.
The boulder beetle bites you but does no damage.
You hit the boulder beetle but do no damage.
The boulder beetle is severely wounded.
Your unstable footing causes you to fumble your attack.
The boulder beetle closely misses you.
The boulder beetle curls into a ball and starts rolling!
Your unstable footing causes you to fumble your attack.
You hit the boulder beetle but do no damage.
The boulder beetle is severely wounded.
The boulder beetle smashes into you!
The boulder beetle stops rolling.
The boulder beetle misses you.
Your unstable footing causes you to fumble your attack.
You slash the boulder beetle!
The boulder beetle is severely wounded.
The boulder beetle bites you!!!
You die...

############≈≈#+++#+++##
###########≈≈≈.........#
##........#≈≈≈≈.##'##..#
##....⌠...#≈≈≈≈###..##.#
##...∩.∩..#≈≈≈≈#.##..#...
##..∩.∩.∩.#≈≈####.#.####.. #
##.∩.∩.∩.∩#≈##.###†###.##..#
##∩.∩...∩.#≈#$..##.##..##..#
##.∩.....∩'@B# #+.<.†##.+..#
##∩.......#B#...##.##..##...
#▓▓▓▓▓▓▓###≈##.###†###.# ..
##%lG######≈≈####.#.#### .
#((l#$. ##≈≈≈#.###.#
#∩P(+.[# +#≈##.#.##
#/.$#(##≈ ≈≈##'## #?).###≈≈
#≈≈≈≈≈≈≈≈≈≈§ ##+#
#+++#+++#≈≈§


You could see 2 boulder beetles, a great orb of eyes and a wyvern.

Vanquished Creatures
  2 hippogriffs (D)
  Menkaure (D)
  4 worker ants (D)
  3 worms (D)
10 creatures vanquished.

Vanquished Creatures (others)
  A crocodile (D)
1 creature vanquished.

Grand Total: 11 creatures vanquished

Notes
Turn   | Place    | Note
--------------------------------------------------------------
     0 | D        | Kagutsuchi the Draconian Berserker began the quest for the Orb.
     0 | D        | Reached XP level 1. HP: 19/19 MP: 1/1
     1 | D        | Noticed a boulder beetle
     1 | D        | Noticed a boulder beetle
     5 | D        | Noticed a worker ant
     5 | D        | Noticed a worker ant
     5 | D        | Noticed a worker ant
     5 | D        | Noticed a worker ant
    12 | D        | Killed a worker ant
    12 | D        | Reached skill level 4 in Fighting
    12 | D        | Reached XP level 2. HP: 28/28 MP: 2/2
    13 | D        | Reached ** piety under Trog
    13 | D        | Reached skill level 5 in Fighting
    13 | D        | Reached XP level 3. HP: 36/36 MP: 3/3
    18 | D        | Reached skill level 5 in Long Blades
    18 | D        | Reached skill level 5 in Dodging
    18 | D        | Reached XP level 4. HP: 44/44 MP: 4/4
    22 | D        | Reached skill level 6 in Fighting
    44 | D        | Killed a crocodile
    88 | D        | Reached *** piety under Trog
   108 | D        | Noticed an orange crystal statue
   132 | D        | Noticed a hippogriff
   132 | D        | Noticed a hippogriff
   160 | D        | Killed a hippogriff
   160 | D        | Reached skill level 8 in Fighting
   160 | D        | Reached XP level 5. HP: 33/53 MP: 5/5
   165 | D        | Killed a hippogriff
   165 | D        | Reached **** piety under Trog
   165 | D        | Reached skill level 9 in Fighting
   165 | D        | Reached XP level 6. HP: 37/63 MP: 6/6
   205 | D        | Noticed Menkaure
   211 | D        | Killed Menkaure
   222 | D        | Found Wipp's Book Shoppe.
   222 | D        | Found Qeefath's Book Emporium.
   223 | D        | Found Guttes's Gadget Emporium.
   223 | D        | Found Heqaulyp's Antique Armour Shoppe.
   224 | D        | Found Godulura's Distillery.
   224 | D        | Found Cippupyo's Distillery.
   225 | D        | Found Mestru's Gadget Shoppe.
   226 | D        | Found Koagoik's Antique Weapon Emporium.
   226 | D        | Found Ysiol's Antique Weapon Shoppe.
   227 | D        | Found Hoeschafo's Jewellery Emporium.
   227 | D        | Found Vidacoz's Antique Armour Shoppe.
   253 | D        | Noticed a great orb of eyes
   262 | D        | Found Jidis's Food Shoppe.
   262 | D        | Found Xedialuweoh's Magic Scroll Emporium.
   262 | D        | Noticed an oklob plant
   263 | D        | Found Roeq Nej's Food Shoppe.
   263 | D        | Found Xounuoz's Jewellery Emporium.
   263 | D        | Found Ynkosh's Book Shoppe.
   264 | D        | Noticed a wyvern
   265 | D        | Noticed a wyvern
   270 | D        | Bought 4 fruits for 72 gold pieces
   270 | D        | Bought a beef jerky for 18 gold pieces
   270 | D        | Bought a slice of pizza for 18 gold pieces
   270 | D        | Bought a bread ration for 60 gold pieces
   270 | D        | Bought a meat ration for 60 gold pieces
   276 | D        | Bought a potion of curing for 39 gold pieces
   276 | D        | Bought a potion of heal wounds for 65 gold pieces
   276 | D        | Bought a potion of mutation for 32 gold pieces
   276 | D        | Bought a potion of mutation for 32 gold pieces
   276 | D        | Bought a potion of curing for 39 gold pieces
   280 | D        | Bought a potion of curing for 39 gold pieces
   280 | D        | Bought a potion of heal wounds for 65 gold pieces
   280 | D        | Bought a potion of heal wounds for 65 gold pieces
   280 | D        | Bought a potion of curing for 39 gold pieces
   280 | D        | Gained mutation: Your body sometimes deteriorates upon taking damage. [potion of mutation]
   280 | D        | Gained mutation: You are robust (+10% HP). [potion of mutation]
   280 | D        | Gained mutation: You are weak. (Str -2) [potion of mutation]
   281 | D        | Gained mutation: Your large and strong wings let you fly indefinitely. [potion of mutation]
   281 | D        | Gained mutation: Scrolls take you a little longer to read. [potion of mutation]
   505 | D        | Slain by a boulder beetle

Skill      XL: |  1  2  3  4  5 |
---------------+----------------+-----
Fighting       | 4 5 8 9 |  9.6
Long Blades    | 4 5 7 8 |  8.6
Dodging        | 4 5 7 8 |  8.9
Stealth        | |  0.2

Action                   |  1- 3 |  4- 6 || total
-------------------------+-------+-------++-------
Melee: Falchion          |    12 |    50 ||    62
       Tailslap          |     1 |     6 ||     7
Invok: Berserk           |     1 |     2 ||     3
  Use: Potion            |       |     4 ||     4
  Eat: Bread ration      |       |     1 ||     1
Armor: Skin              |     4 |     4 ||     8
Dodge: Dodged            |     4 |    17 ||    21
